 Dungeon Crawl Stone Soup version 0.29-a0-1027-gcd8c55af63 (webtiles) character file.

Game seed: 17339158239281025908

2126 Plasmagod the Cleaver (level 9, -1/70 HPs)
             Began as a Minotaur Fighter on Aug 13, 2022.
             Shot with an arrow by a centaur (7 damage)
             ... on level 7 of the Dungeon.
             The game lasted 00:13:03 (5427 turns).

Plasmagod the Cleaver (Minotaur Fighter)            Turns: 5427, Time: 00:13:04

Health: -1/70      AC: 12    Str: 31    XL:     9   Next: 8%
Magic:  8/8        EV:  7    Int:  5    God:
Gold:   289        SH:  0    Dex: 10    Spells: 8/8 levels left

rFire   . . .      SeeInvis .   c - +3 woodcutter's axe {vorpal}
rCold   . . .      Faith    .   (shield currently unavailable)
rNeg    . . .      Spirit   .   s - +0 plate armour
rPois   .          Reflect  .   (helmet restricted)
rElec   .          Harm     .   (no cloak)
rCorr   .          Rampage  .   E - +0 pair of gloves
Will    .....                   (no boots)
Stlth   ..........              (no amulet)
HPRegen 0.21/turn               y - +6 ring of strength
MPRegen 0.11/turn               (no ring)

@: mesmerised
A: horns 2, retaliatory headbutt
a: no special abilities


You were on level 7 of the Dungeon.
You visited 1 branch of the dungeon, and saw 9 of its levels.

You collected 377 gold pieces.
You spent 88 gold pieces at shops.

Inventory:

Hand Weapons
 a - a +0 war axe
 c - the +3 woodcutter's axe (weapon) {vorpal}
   (You found it on level 6 of the Dungeon)

   It inflicts extra damage upon your enemies.
Armour
 b - a +0 scale mail
 s - a +0 plate armour (worn)
 t - a +0 kite shield
 E - a +0 pair of gloves (worn)
Jewellery
 y - a +6 ring of strength (left hand)
Wands
 p - a wand of iceblast (10)
 u - a wand of mindburst (14)
 z - a wand of polymorph (12)
 C - a wand of flame (11)
 D - a wand of digging (6)
Scrolls
 g - 7 scrolls of blinking {unknown}
 h - 2 scrolls of magic mapping
 j - 3 scrolls of noise {unknown}
 k - a scroll of brand weapon {unknown}
 l - 4 scrolls of teleportation {unknown}
 m - a scroll of vulnerability {unknown}
 n - 4 scrolls of identify {unknown}
 o - 2 scrolls of enchant weapon {unknown}
 r - a scroll of fear {unknown}
 v - 2 scrolls of amnesia {unknown}
 w - a scroll of immolation {unknown}
 A - a scroll of summoning {unknown}
Potions
 d - 3 potions of might
 e - a potion of haste
 f - a potion of resistance {unknown}
 i - 2 potions of cancellation {unknown}
 q - a potion of magic {unknown}
 x - a potion of ambrosia
 B - a potion of invisibility {unknown}
 F - a potion of curing


   Skills:
 - Level 3.6 Fighting
 + Level 14.2 Axes
 - Level 3.6 Armour
 - Level 3.6 Shields


You had 8 spell levels left.
You didn't know any spells.
Your spell library contained the following spells:

 Spells                   Type           Power      Damage    Failure   Level
 Foxfire                  Conj/Fire      0%         2x1d4     99%         1
 Static Discharge         Conj/Air       0%         3-3/arc   100%        2
 Conjure Flame            Conj/Fire      0%         6-21      100%        3
 Inner Flame              Hex/Fire       0%         N/A       100%        3
 Stone Arrow              Conj/Erth      0%         3d7       100%        3
 Animate Armour           Summ/Erth      0%         N/A       100%        4
 Dispel Undead            Necr           0%         3d6       100%        4
 Flame Wave               Conj/Fire      0%         2d4       100%        4
 Sticky Flame             Conj/Fire      0%         2d3       100%        4
 Lehudib's Crystal Spear  Conj/Erth      0%         10d2      100%        8


Dungeon Overview and Level Annotations

Branches:
Dungeon (9/15)             Temple (0/1) D:7
   Lair: D:8-11         Orc: D:9-12

Altars:
Fedhas

Shops:
D:4 :*[(*=

Annotations:
D:7 Maggie


Innate Abilities, Weirdness & Mutations

You have a pair of horns on your head.
You reflexively headbutt those who attack you in melee.


Message History

A gnoll comes into view. It is wielding a +0 halberd.
The gnoll hits you but does no damage.
Things that are here:
a +0 dagger; an orc corpse You barely miss the gnoll.
Maggie zaps a wand.
The mass of ice explodes!
The iceblast engulfs you!
The iceblast engulfs the gnoll!!
The gnoll dies!
You hear a shout! x2; You hear an angry hiss.
You hear a shout! x2
Maggie mumbles some strange words.
Maggie attempts to bespell you!
You are mesmerised by Maggie!
You see here a hound corpse.
As you read the scroll labelled XOREC BEAMOHIQ, it crumbles to dust.
You feel aware of your surroundings.
You sensed 1 altar.
It was a scroll of magic mapping.
Press: ? - help, v - describe, . - travel
Here: Maggie, wielding a +2 broad axe of flaming, wearing +2 steam dragon scales and carrying a wand of iceblast (9) (mesmerising)
The floor.
A gnoll comes into view. It is wielding a +1 flail of venom.
A centaur comes into view.
The gnoll hits you from afar with a +0 halberd!
The centaur wields a +0 shortbow.
The centaur shoots an arrow.
The arrow hits you!
Maggie zaps a wand.
The mass of ice explodes!
The iceblast engulfs you.
You hear a shout! x2
Things that are here:
a +0 dagger; an orc corpse The centaur shoots an arrow.
The arrow hits you but does no damage. The gnoll hits you with a +0 halberd.
Maggie casts a spell.
Maggie draws you further into her thrall.
You slash the gnoll!
You kill the gnoll!
The centaur shoots an arrow.
The arrow hits you.
* * * LOW HITPOINT WARNING * * *
Maggie zaps a wand.
The mass of ice explodes!
The iceblast engulfs you!
* * * LOW HITPOINT WARNING * * *
You hear a shout! x2
The centaur shoots an arrow.
The arrow hits you!
You die...

#..##* *,,...,**,, *****
####c...* *,...,*#*,,
**,,,*##..#...#* **h.*,.#*,,
*,,,,##.......# *#.##...,,,
***,*,.........# *....#,,,,,
**,,,*,*#.......####....#*,,,,
**,,,,o###..#...))#...#*,**,,,,
***,,,>,......#g).).†..##*,,*,,,,
,,,,,,,,.).....@@.....## *,,,,,,,
,,,,*,,,...........####****,,,,**
,,,,*,,,#...........###*,,,,,,***
*,***,,,.......#......##*,^,,,***
*** **,,......##.......##.,*,,,*,
***#..###*##..........*,,,,,
##....#*#.........#,,,**,
*.....##..........,,****
****#...[.......).***


You could see Maggie (mesmerising), a centaur and a gnoll.

Vanquished Creatures
  Pikel (D:5)
  4 ice beasts
  2 black bears
  2 ogres
  2 phantoms
  A necrophage (D:5)
  3 scorpions
  3 wights (D:6)
  2 howler monkeys
  2 hounds
  A jelly (D:4)
  An orc priest (D:7)
  Jessica (D:2)
  An iguana (D:5)
  Robin (D:2)
  6 adders
  3 gnolls
  2 ufetubi
  2 worms
  A dart slug (D:1)
  An orc (D:3)
  3 endoplasms
  12 goblins
  11 hobgoblins
  3 jackals (D:1)
  7 kobolds
  5 quokkas
  7 ball pythons
  3 frilled lizards
  4 rats
97 creatures vanquished.

Vanquished Creatures (others)
  A gnoll (D:7)
1 creature vanquished.

Grand Total: 98 creatures vanquished

Notes
Turn   | Place    | Note
-------+----------+-------------------------------------------
     0 | D:1      | Plasmagod the Minotaur Fighter began the quest for the Orb.
     0 | D:1      | Reached XP level 1. HP: 19/19 MP: 0/0
   167 | D:1      | Reached skill level 3 in Axes
   171 | D:1      | Reached XP level 2. HP: 21/26 MP: 1/1
   265 | D:1      | Reached skill level 4 in Axes
   343 | D:1      | Found a faded altar of an unknown god.
   389 | D:1      | Reached XP level 3. HP: 31/31 MP: 2/2
   659 | D:2      | Noticed Jessica
   664 | D:2      | Killed Jessica
   665 | D:2      | Reached skill level 5 in Axes
   757 | D:2      | Reached XP level 4. HP: 27/39 MP: 3/3
  1048 | D:2      | Noticed Robin
  1055 | D:2      | Killed Robin
  1444 | D:2      | Reached skill level 6 in Axes
  2415 | D:3      | Reached XP level 5. HP: 45/45 MP: 4/4
  2705 | D:4      | Found Lellucur's Self-Improvement Boutique.
  2744 | D:4      | Noticed an ogre
  2780 | D:4      | Killed an ogre
  2781 | D:4      | Reached skill level 7 in Axes
  2865 | D:4      | Found Nygaot's Assorted Antiques.
  2874 | D:4      | Bought a scroll labelled COTEUREGAB for 22 gold pieces
  2874 | D:4      | Bought a scroll labelled HOOFEM YGI for 22 gold pieces
  2874 | D:4      | Bought a scroll labelled XIPOBI PIONEA for 22 gold pieces
  2874 | D:4      | Bought a scroll labelled EJECAPTIYL for 22 gold pieces
  2925 | D:4      | Noticed a phantom
  2941 | D:4      | Killed a phantom
  2942 | D:4      | Reached XP level 6. HP: 43/51 MP: 5/5
  3002 | D:4      | Reached skill level 8 in Axes
  3022 | D:4      | Found Kaneh's Jewellery Shop.
  3307 | D:4      | Found Wid Ymm's Armour Emporium.
  3314 | D:4      | Found Kehyjit's General Store.
  3597 | D:4      | Found Moczakkeremm's Antique Weapon Shop.
  3618 | D:5      | Entered Level 5 of the Dungeon
  3646 | D:5      | Reached skill level 9 in Axes
  3646 | D:5      | Reached XP level 7. HP: 51/57 MP: 6/6
  3739 | D:5      | Reached skill level 10 in Axes
  3917 | D:5      | Noticed Pikel
  3931 | D:5      | Killed Pikel
  3932 | D:5      | Reached skill level 12 in Axes
  3932 | D:5      | Reached XP level 8. HP: 46/64 MP: 7/7
  4668 | D:6      | Reached skill level 13 in Axes
  5157 | D:6      | Found the +3 woodcutter's axe {vorpal}
  5367 | D:6      | You fall into a shaft and drop 3 floors!
  5378 | D:8      | Found a blossoming altar of Fedhas.
  5388 | D:7      | Reached skill level 14 in Axes
  5388 | D:7      | Reached XP level 9. HP: 70/70 MP: 8/8
  5418 | D:7      | Noticed Maggie
  5427 | D:7      | Shot with an arrow by a centaur

Illustrated notes

Levels and vault maps discovered:
D:1:      lightli_arrival_chessboard, layout_rooms,
          shapermc_ecumenical_altar_notcrosses
D:2:      layout_loops_ring, grunt_ministairs_10, minmay_crystal_water,
          hangedman_glass_teeth, uniq_robin, uniq_jessica
D:3:      layout_loops_corners
D:4:      layout_cave_pools, serial_shops, nicolae_shop_behind_doors, shop,
          kennysheep_mini_moat, shop, kennysheep_mini, st_stairs_1,
          nicolae_shop_self_help
D:5:      layout_basic, kennysheep_generic_room_16, uniq_pikel
D:6:      layout_basic, amcnicky_mini_rare_corridor_liquid,
          minmay_misc_feat_room
D:7:      layout_cave_pools, led_sif_pool, minmay_temple_entry_proselytizer,
          uniq_maggie
D:8:      minmay_chambers_of_sevens, layout_basic, fedhas_ov_isle_minmay,
          erik_lair_dragon, enter_bailey_3, uniq_grum, uniq_gastronok,
          uniq_joseph
D:9:      layout_stronghold, kiku_gazebo_garden_becter,
          mainiacjoe_overflow_catwalk_spiral, disabler_island

Skill      XL: |  1  2  3  4  5  6  7  8 |
---------------+-------------------------+-----
Axes           | 3 4 5 6 7 9 12 14 | 14.2
Fighting       | |  3.6
Armour         | |  3.6
Shields        | |  3.6

Action                   |  1- 3 |  4- 6 |  7- 9 || total
-------------------------+-------+-------+-------++-------
Melee: War axe           |    52 |   120 |   105 ||   277
       Headbutt          |     2 |    18 |    20 ||    40
       Battleaxe         |       |       |    11 ||    11
  Use: Potion            |       |     4 |       ||     4
       Scroll            |       |       |     1 ||     1
Armor: Scale mail        |    27 |    25 |       ||    52
       Plate armour      |       |    31 |    67 ||    98
Dodge: Dodged            |    22 |    35 |    13 ||    70
Block: Buckler           |    14 |    13 |       ||    27
       Kite shield       |       |    17 |    44 ||    61

Table legend: (Time is in decaauts)
 A = Elapsed time spent in this place.
 B = Non-inter-level travel time spent in this place.
 C = Inter-level travel time spent in this place.
 D = Time resting spent in this place.
 E = Time spent auto-exploring this place.
 F = Levels seen in this place.
 G = Mean time per level.
                   A        B        C        D        E       F      G
               +--------+--------+--------+--------+--------+-----+--------+
         Total |   5476 |   5341 |    135 |    411 |   4076 |   9 |  608.4 |
       Dungeon |   5476 |   5341 |    135 |    411 |   4076 |   9 |  608.4 |
               +--------+--------+--------+--------+--------+-----+--------+

Top non-repeatable levels by time:
     D:2: 1227 daAuts
     D:6: 929 daAuts
     D:3: 925 daAuts
     D:4: 908 daAuts
     D:5: 827 daAuts
     D:1: 598 daAuts
     D:7: 44 daAuts
     D:9: 8 daAuts
     D:8: 5 daAuts
